 Dungeon Crawl Stone Soup version 0.28-a0-1435-g82390b3a13 (webtiles) character file.

Game seed: 6419608286585479022

65617 Shayle the Thaumaturge (level 15, -34/117 HPs)
             Began as a Gnoll Warper on Jan 9, 2022.
             Was a Believer of Yredelemnul.
             Annihilated by a titanic slime creature (57 damage)
             ... on level 15 of the Dungeon.
             The game lasted 01:27:10 (24671 turns).

Shayle the Thaumaturge (Gnoll Warper)              Turns: 24671, Time: 01:27:11

Health: -34/117    AC: 16    Str: 23    XL:     15   Next: 17%
Magic:  16/30      EV: 21    Int: 15    God:    Yredelemnul [**....]
Gold:   1238       SH: 13    Dex: 18    Spells: 19/36 levels left

rFire   . . .      SeeInvis .   u - +9 mace "Boxoxu" {flame, Drain rN+ Str+3}
rCold   + + .      Faith    .   o - +1 kite shield {rC+}
rNeg    + . .      Spirit   .   n - +3 leather armour {rC+}
rPois   .          Reflect  .   M - +2 hat {Stlth+}
rElec   .          Harm     .   Q - +1 cloak of Starlight {*Dazzle EV+4 Stlth--}
rCorr   .          Rampage  .   G - +0 pair of gloves
Will    ++...                   S - +2 pair of boots {Stlth+}
Stlth   ++++......              a - amulet of the acrobat
HPRegen 0.29/turn               b - ring of willpower
MPRegen 0.22/turn               d - ring "Sifro Yre" {Fly Str+5 Dex+6}

@: flying
A: fangs 1, strong nose, distributed training
a: Renounce Religion, Recall Undead Harvest, Dark Bargain


You were on level 15 of the Dungeon.
You worshipped Yredelemnul.
Yredelemnul was aware of your devotion.
You visited 3 branches of the dungeon, and saw 22 of its levels.
You also visited: Ossuary and Bailey.

You collected 1453 gold pieces.
You spent 215 gold pieces at shops.

Inventory:

Hand Weapons
 m - a +3 hand axe of protection
 u - the +9 mace "Boxoxu" (weapon) {flame, Drain rN+ Str+3}
   (You found it on level 3 of the Dungeon)

   It burns those it strikes, dealing additional fire damage.
   Str:       It affects your strength (+3).
   rN:        It protects you from negative energy.
   Drain:     It drains your maximum health when unequipped.
Missiles
 g - 3 silver boomerangs (quivered)
 x - 41 poisoned darts
 I - 3 silver javelins
 R - 2 throwing nets
Armour
 h - the +1 robe of the Hall of Blades {-Tele Regen+ Dex+9}
   (You found it on level 2 of the Dungeon)

   Dex:       It affects your dexterity (+9).
   -Tele:     It prevents most forms of teleportation.
   Regen:     It increases your rate of health regeneration.
 n - a +3 leather armour of cold resistance (worn)
 o - a +1 kite shield of cold resistance (worn)
 G - a +0 pair of gloves (worn)
 M - a +2 hat of stealth (worn)
 Q - the +1 cloak of Starlight (worn) {*Dazzle EV+4 Stlth--}
   (You found it on level 9 of the Dungeon)

   It may blind those who miss an attack against the wearer in melee combat.
   EV:        It affects your evasion (+4).
   Stlth:     It makes you much less stealthy.
 S - a +2 pair of boots of stealth (worn)
Jewellery
 a - an amulet of the acrobat (around neck)
 b - a ring of willpower (left hand)
 d - the ring "Sifro Yre" (right hand) {Fly Str+5 Dex+6}
   (You acquired it on level 2 of the Lair of Beasts)

   [ring of dexterity]

   Str:       It affects your strength (+5).
   Dex:       It affects your dexterity (+6).
   Fly:       It grants you flight.
 K - a ring of protection from fire
 O - a ring of protection from cold
 V - a +6 ring of dexterity
 X - a ring of poison resistance
Wands
 c - a wand of flame (14)
 f - a wand of charming (6)
 i - a wand of polymorph (6)
 t - a wand of acid (2)
 v - a wand of iceblast (13)
Scrolls
 e - a scroll of fog
 k - 3 scrolls of vulnerability
 q - 2 scrolls of enchant weapon
 s - a scroll of enchant armour
 w - a scroll of teleportation
 A - 5 scrolls of immolation
 B - 4 scrolls of summoning
 D - 5 scrolls of magic mapping
 H - 5 scrolls of brand weapon
 J - 3 scrolls of silence
 U - 10 scrolls of amnesia
Potions
 j - 6 potions of mutation
 l - a potion of invisibility
 p - 10 potions of curing
 r - 5 potions of brilliance
 z - 3 potions of magic
 C - 3 potions of haste
 E - 2 potions of cancellation
 F - 5 potions of lignification
 L - 4 potions of might
 N - 3 potions of attraction
 P - 3 potions of resistance
 T - 4 potions of ambrosia
Miscellaneous
 W - a condenser vane (inert)


   Skills:
 + Level 10.9 Fighting
 + Level 9.9 Short Blades
 + Level 9.9 Long Blades
 + Level 9.9 Axes
 + Level 9.9 Maces & Flails
 + Level 9.9 Polearms
 + Level 9.9 Staves
 + Level 9.9 Slings
 + Level 9.9 Bows
 + Level 9.9 Crossbows
 + Level 10.2 Throwing
 + Level 10.2 Armour
 + Level 10.9 Dodging
 + Level 9.9 Stealth
 + Level 9.9 Shields
 + Level 10.9 Unarmed Combat
 + Level 11.1 Spellcasting
 + Level 8.2 Conjurations
 + Level 8.2 Hexes
 + Level 8.2 Summonings
 + Level 8.2 Necromancy
 + Level 10.0 Translocations
 + Level 8.2 Transmutations
 + Level 8.2 Fire Magic
 + Level 8.2 Ice Magic
 + Level 8.2 Air Magic
 + Level 8.2 Earth Magic
 + Level 8.2 Poison Magic
 + Level 10.7 Invocations
 + Level 9.9 Evocations


You had 19 spell levels left.
You knew the following spells:

 Your Spells              Type           Power      Damage    Failure   Level
a - Blink                 Tloc           76%        N/A       1%          2
b - Teleport Other        Tloc           38%        N/A       1%          3
c - Animate Dead          Necr           16%        N/A       8%          4
d - Fulminant Prism       Conj/Hex       16%        3d11      8%          4
e - Olgreb's Toxic Radia  Pois           33%        N/A       8%          4

Your spell library contained the following spells:

 Spells                   Type           Power      Damage    Failure   Level
 Shock                    Conj/Air       100%       1d9       1%          1
 Sting                    Tmut/Pois      100%       1d8       1%          1
 Corpse Rot               Necr/Air       66%        N/A       1%          2
 Passwall                 Tmut/Erth      27%        N/A       1%          2
 Poisonous Vapours        Pois/Air       66%        N/A       1%          2
 Gell's Gravitas          Tloc           38%        N/A       1%          3
 Lesser Beckoning         Tloc           38%        N/A       1%          3
 Ozocubu's Armour         Ice            33%        N/A       2%          3
 Stone Arrow              Conj/Erth      66%        3d11      2%          3
 Swiftness                Air            33%        N/A       2%          3
 Iskenderun's Mystic Bla  Conj/Tloc      35%        2d8       4%          4
 Airstrike                Air            16%        N/A       8%          4
 Leda's Liquefaction      Hex/Erth       16%        N/A       8%          4
 Manifold Assault         Tloc           38%        N/A       10%         5
 Lee's Rapid Deconstruct  Erth           16%        3d11*     21%         5
 Metabolic Englaciation   Hex/Ice        16%        N/A       21%         5
 Simulacrum               Ice/Necr       16%        N/A       75%         6
 Haunt                    Necr/Summ      16%        N/A       99%         7
 Infestation              Necr           16%        N/A       100%        8
 Shatter                  Erth           16%        3d16*     100%        9


Dungeon Overview and Level Annotations

Branches:
Dungeon (15/15)            Temple (1/1) D:5            Lair (6/6) D:9
 Shoals (0/4) Lair:4       Spider (0/4) Lair:3          Orc (0/2) D:10
 Vaults (0/5) D:13         Depths (0/4) D:15        Ossuary (visited)
 Bailey (visited)
  Slime: Lair:5-6

Altars:
Ashenzari
Cheibriados
Dithmenos
Elyvilon
Fedhas
Gozag
Hepliaklqana
Kikubaaqudgha
Nemelex Xobeh
Okawaru
Qazlal
Ru
Sif Muna
Trog
Uskayaw
Vehumet
Wu Jian
Xom
Yredelemnul
Zin
The Shining One

Shops:
D:9 [   D:11 [

Portals:
Ice
Cave: D:15

Annotations:
D:3 2 transporters, Clumpoid's ghost, amateur GnFi
D:7 Harold; Joseph
D:9 1 runed translucent door
D:15 Azrael
Lair:4 3 runed translucent doors, Naugein's ghost, journeyman MiHu


Innate Abilities, Weirdness & Mutations

You have very sharp teeth.
Your uncanny sense of smell can sniff out nearby items.
Your experience applies equally to all skills.


Message History

The purple ugly thing is engulfed in negative energy.
The purple ugly thing headbutts your fulminant prism.
The white ugly thing is engulfed in negative energy.
The white ugly thing claws your spectral slime creature.
The white ugly thing freezes your spectral slime creature.
Your spectral slime creature resists.
Your fulminant prism crackles loudly.
Unknown command.
You hit the titanic slime creature. You burn the titanic slime creature.
Your bite misses the titanic slime creature.
The titanic slime creature is moderately wounded.
The titanic slime creature barely misses you.
Your spectral slime creature hits the titanic slime creature.
The purple ugly thing is engulfed in negative energy.
The purple ugly thing headbutts your fulminant prism!
Your fulminant prism explodes!
The blast of energy engulfs the purple ugly thing!!
The purple ugly thing is severely wounded.
The white ugly thing is engulfed in negative energy.
You kill the white ugly thing!
You hear an angry squeal. x2
Your Translocations skill increases to level 10!
Casting: Fulminant Prism (dangerous; 8% risk of failure)
Confirm with . or Enter, or press ? or * to list all spells.
Aiming: Fulminant Prism (dangerous; 8% risk of failure)
Press: ? - help, Dir - move target You conjure a prism of explosive energy!
A fulminant prism comes into view.
The titanic slime creature hits you!!!
* * * LOW HITPOINT WARNING * * *
Your spectral slime creature hits the titanic slime creature!
The purple ugly thing is engulfed in negative energy.
You kill the purple ugly thing!
A black mist starts to gather...
You can now trade souls for undead servants.
You sock the titanic slime creature! You burn the titanic slime creature.
The titanic slime creature is heavily wounded.
The titanic slime creature hits you!!!
You die...
Your body rises from the dead as a mindless zombie.

.<....#,,,,≈≈,,,,,..∩...#...#*≈≈≈
.#.####,,,,≈≈..............(#≈≈≈≈
.#.# *,,,^.............#...≈≈≈≈≈
.#.#######*#.....§§.........≈≈≈≈≈
.#.......# *,....§#§#.#....≈≈≈≈≈≈
.###...### **,...*§§§Z....**≈≈≈≈≈
.,#8...8# ***#u§§§§.....***≈≈≈≈
#*##...## ###J§§......****≈≈≈
#...# #.@Z§§......,,,,,,, ##...##
#.##########**,,,,, #8...8# #.#
*,,,,, ####...#### ###.# *,,,,,
#8##...##8###8#.# *,,,,,
........[.......# *,,,,,
.....⌠..........# ******
................#
#8##...##8###8### *


You could see a titanic slime creature (drained, ally target), a friendly
spectral slime creature, a friendly fulminant prism and a friendly ugly thing
zombie.

Vanquished Creatures
  Erolcha (D:9)
  A vault guard (Bailey)
  A boulder beetle (Lair:4)
  3 hydras
  2 catoblepae
  A centaur warrior (D:13)
  4 two-headed ogres
  A tengu warrior (D:13)
  A death yak (Lair:5)
  Sonja (Lair:6)
  Pikel (D:6)
  A deep elf pyromancer (D:12)
  13 ugly things
  3 cyclopes
  4 black mambas
  A torpor snail (Lair:4)
  8 cane toads
  A rime drake (Lair:3)
  3 komodo dragons
  A yaktaur (D:15)
  A polar bear (Lair:3)
  A kobold demonologist (D:14)
  A meliai (D:13)
  2 dream sheep (Lair:6)
  10 blink frogs
  4 slime creatures
  A jumping spider (shapeshifter) (D:13)
  5 wraiths
  A vampire (D:13)
  6 wyverns
  24 yaks
  A yak (shapeshifter) (D:13)
  2 basilisks
  4 humans (Bailey)
  Grum (D:8)
  A vampire mosquito (D:12)
  A steam dragon (D:7)
  2 wargs (D:9)
  3 water moccasins (Lair:5)
  Duvessa (D:6)
  3 sky beasts
  4 orc warriors
  3 black bears
  An ice beast (D:4)
  6 wolves
  6 centaurs
  2 ogres
  2 kobold brigands
  9 bullfrogs
  A gnoll sergeant (D:10)
  4 scorpions
  2 wyvern skeletons (D:6)
  Dowan (D:6)
  18 killer bees
  2 wights (D:8)
  5 howler monkeys
  2 electric eels (D:13)
  2 human zombies (Ossuary)
  4 centaur zombies
  A hound (D:7)
  A jelly (D:8)
  7 orc priests
  A centaur skeleton (D:5)
  Crazy Yiuf (D:3)
  An iguana (D:5)
  Ijyb (D:3)
  Natasha (twice) (D:4)
  5 orc wizards
  2 killer bee zombies
  2 howler monkey zombies
  6 mummies
  4 gnolls (D:10)
  4 adders
  An ufetubus (D:6)
  An adder skeleton (D:4)
  2 worms
  4 dart slugs
  14 orcs
  3 bats
  9 endoplasms
  2 giant cockroaches
  A gnoll zombie (Ossuary)
  11 goblins
  13 hobgoblins
  2 quokkas (D:1)
  8 ball pythons
  4 frilled lizards
  2 hobgoblin zombies (Ossuary)
  8 kobolds
  A kobold zombie (Ossuary)
  3 rats
  A spectral kobold (D:10)
329 creatures vanquished.

Vanquished Creatures (collateral kills)
  Frances (D:12)
  Gastronok (D:11)
  Josephine (D:11)
  Fannar (Lair:2)
  A boulder beetle (D:14)
  A vault guard (Bailey)
  2 hydras
  A centaur warrior (D:14)
  A two-headed ogre (D:14)
  A death yak (Lair:5)
  5 ugly things
  2 manticores
  2 cyclopes (D:13)
  A centaur zombie (D:10)
  5 cane toads
  A rime drake (Lair:6)
  4 komodo dragons
  An unseen horror (D:12)
  A tengu conjurer (D:15)
  A troll (D:13)
  A queen bee (Lair:2)
  Prince Ribbit (Bailey)
  3 hornets
  15 slime creatures
  6 blink frogs
  Sigmund (D:6)
  A basilisk (Lair:3)
  2 humans (Bailey)
  5 wraiths
  16 yaks
  A vampire mosquito (D:12)
  7 water moccasins
  10 wolves
  5 centaurs
  7 bullfrogs
  2 scorpions (Lair:3)
  14 killer bees
  2 wights (D:8)
  A jelly (D:6)
  An orc priest (D:10)
  An orc wizard (D:9)
  A worm (Lair:3)
  14 orcs
  2 giant cockroaches (Lair:3)
  2 hobgoblins (Bailey)
  3 kobolds
158 creatures vanquished.

Vanquished Creatures (others)
  A spectral human (D:15)
  2 ugly thing zombies (D:15)
  2 spectral slime creatures (D:15)
  3 cane toad zombies
  2 orc warriors (D:9)
  3 blink frog zombies
  A hornet zombie (Lair:4)
  A manticore zombie (D:12)
  A vampire mosquito zombie (D:12)
  A wyvern zombie (D:9)
  A warg zombie (D:9)
  A polar bear zombie (Lair:3)
  A killer bee (D:9)
  5 yak zombies
  An electric eel (D:15)
  3 wolf zombies
  3 bullfrog zombies
  A centaur zombie (Lair:4)
  A human zombie (Bailey)
  A black bear zombie (Lair:3)
  6 killer bee zombies
  2 howler monkey zombies
  3 gnoll zombies (D:10)
  4 hobgoblin zombies
  2 kobold zombies
  17 orc zombies
  A bush (Lair:4)
  8 fulminant prisms
  37 fungi
  31 plants
146 creatures vanquished.

Grand Total: 633 creatures vanquished

Notes
Turn   | Place    | Note
-------+----------+-------------------------------------------
     0 | D:1      | Shayle the Gnoll Warper began the quest for the Orb.
     0 | D:1      | Reached XP level 1. HP: 20/20 MP: 6/6
   162 | D:1      | Reached XP level 2. HP: 20/26 MP: 7/7
   650 | D:1      | Reached XP level 3. HP: 28/31 MP: 9/9
   700 | D:1      | Reached skill level 5 in Spellcasting
   976 | D:1      | Got the Handbook of Stones
   990 | D:1      | Found a faded altar of an unknown god.
  1308 | D:2      | Identified the +1 robe of the Hall of Blades {-Tele Regen+
                  | Dex+9}
  1367 | D:2      | Reached skill level 1 in Invocations
  1672 | D:3      | Reached skill level 1 in Short Blades
  1672 | D:3      | Reached skill level 1 in Long Blades
  1672 | D:3      | Reached skill level 1 in Axes
  1672 | D:3      | Reached skill level 1 in Maces & Flails
  1672 | D:3      | Reached skill level 1 in Polearms
  1672 | D:3      | Reached skill level 1 in Staves
  1672 | D:3      | Reached skill level 1 in Slings
  1672 | D:3      | Reached skill level 1 in Bows
  1672 | D:3      | Reached skill level 1 in Crossbows
  1672 | D:3      | Reached skill level 1 in Stealth
  1672 | D:3      | Reached skill level 1 in Shields
  1672 | D:3      | Reached skill level 1 in Evocations
  2083 | D:3      | Noticed an ogre
  2085 | D:3      | Noticed Clumpoid's ghost (amateur GnFi)
  2086 | D:3      | Found a transporter.
  2086 | D:3      | Noticed an ogre
  2289 | D:3      | Learned a level 2 spell: Blink
  2293 | D:3      | Learned a level 3 spell: Teleport Other
  2306 | D:3      | Reached XP level 4. HP: 38/38 MP: 11/11
  2571 | D:2      | Identified the +1 leather armour "Hyini" {Will+ Int+2
                  | Dex-3}
  2649 | D:2      | You fall into a shaft and drop 2 floors!
  2655 | D:4      | Noticed an ogre
  2679 | D:4      | Noticed Natasha
  2688 | D:4      | Noticed an ice beast
  2817 | D:3      | Noticed Ijyb
  2837 | D:3      | Killed Ijyb
  2838 | D:3      | Reached skill level 1 in Conjurations
  2838 | D:3      | Reached skill level 1 in Hexes
  2838 | D:3      | Reached skill level 1 in Summonings
  2838 | D:3      | Reached skill level 1 in Necromancy
  2838 | D:3      | Reached skill level 1 in Transmutations
  2838 | D:3      | Reached skill level 1 in Fire Magic
  2838 | D:3      | Reached skill level 1 in Ice Magic
  2838 | D:3      | Reached skill level 1 in Air Magic
  2838 | D:3      | Reached skill level 1 in Earth Magic
  2838 | D:3      | Reached skill level 1 in Poison Magic
  3492 | D:2      | Reached XP level 5. HP: 36/43 MP: 12/12
  3798 | D:3      | Found a runed translucent door.
  3799 | D:3      | Noticed Crazy Yiuf
  3880 | D:3      | Found a transporter.
  4192 | D:4      | Found a sparkling altar of Nemelex Xobeh.
  4226 | D:4      | Killed an ice beast
  4452 | D:3      | Reached XP level 6. HP: 28/50 MP: 13/13
  4592 | D:4      | Killed Natasha
  4825 | D:4      | Noticed Natasha
  5158 | D:3      | Killed Crazy Yiuf
  5168 | D:3      | Identified the +9 mace "Boxoxu" {flame, Drain rN+ Str+3}
  5399 | D:4      | Reached skill level 5 in Fighting
  5399 | D:4      | Reached skill level 5 in Dodging
  5399 | D:4      | Reached skill level 5 in Unarmed Combat
  5413 | D:4      | Reached XP level 7. HP: 48/56 MP: 15/15
  5470 | D:4      | Killed Natasha
  5577 | D:5      | Entered Level 5 of the Dungeon
  5592 | D:5      | Found a sacrificial altar of Ru.
  5793 | D:5      | Found a sand-covered staircase.
  5800 | Ossuary  | Entered an ossuary
  6154 | D:5      | Reached XP level 8. HP: 63/63 MP: 16/16
  6159 | D:5      | Found a staircase to the Ecumenical Temple.
  6171 | Temple   | Entered the Ecumenical Temple
  6334 | Temple   | Became a worshipper of Yredelemnul the Dark
  6555 | D:5      | Found a glowing silver altar of Zin.
  6555 | D:5      | Found a glowing golden altar of the Shining One.
  6556 | D:5      | Found a white marble altar of Elyvilon.
  7007 | D:6      | Reached skill level 6 in Spellcasting
  7272 | D:6      | Noticed Sigmund
  7702 | D:6      | Noticed Dowan
  7703 | D:6      | Noticed Duvessa
  7704 | D:6      | Found a shadowy altar of Dithmenos.
  7715 | D:6      | Killed Duvessa
  7718 | D:6      | Killed Dowan
  7955 | D:6      | Reached * piety under Yredelemnul
  8008 | D:6      | Killed Sigmund
  8009 | D:6      | Reached XP level 9. HP: 69/69 MP: 18/18
  8018 | D:7      | Noticed Pikel
  8020 | D:7      | Noticed Harold
  8235 | D:6      | Killed Pikel
  8236 | D:6      | Reached skill level 5 in Throwing
  8236 | D:6      | Reached skill level 5 in Armour
  8605 | D:7      | Found a flagged portal.
  8616 | Bailey   | Entered a bailey
  8650 | Bailey   | Reached skill level 5 in Invocations
  8880 | Bailey   | Reached skill level 7 in Spellcasting
  8887 | Bailey   | Reached XP level 10. HP: 55/77 MP: 20/20
  9023 | Bailey   | Reached ** piety under Yredelemnul
  9028 | Bailey   | Reached skill level 5 in Short Blades
  9028 | Bailey   | Reached skill level 5 in Long Blades
  9028 | Bailey   | Reached skill level 5 in Axes
  9028 | Bailey   | Reached skill level 5 in Maces & Flails
  9028 | Bailey   | Reached skill level 5 in Polearms
  9028 | Bailey   | Reached skill level 5 in Staves
  9028 | Bailey   | Reached skill level 5 in Slings
  9028 | Bailey   | Reached skill level 5 in Bows
  9028 | Bailey   | Reached skill level 5 in Crossbows
  9028 | Bailey   | Reached skill level 5 in Stealth
  9028 | Bailey   | Reached skill level 5 in Shields
  9028 | Bailey   | Reached skill level 5 in Evocations
  9056 | Bailey   | Noticed Prince Ribbit
  9056 | Bailey   | Noticed a vault guard
  9064 | Bailey   | Noticed a vault guard
  9077 | Bailey   | Killed a vault guard
  9079 | Bailey   | Reached *** piety under Yredelemnul
  9111 | Bailey   | Killed Prince Ribbit
  9122 | Bailey   | Killed a vault guard
  9877 | D:7      | Noticed Joseph
 10047 | D:8      | Noticed Grum
 10052 | D:8      | Killed Grum
 10227 | D:8      | Learned a level 4 spell: Animate Dead
 10361 | D:8      | Noticed a cyclops
 10444 | D:9      | Found a runed translucent door.
 10444 | D:9      | Noticed an ice dragon
 10444 | D:9      | Noticed a stone giant
 10446 | D:9      | Noticed a stone giant
 10446 | D:9      | Noticed an ice dragon
 10446 | D:9      | Noticed a fire crab
 10446 | D:9      | Noticed a yaktaur captain
 10467 | D:9      | Found a staircase to the Lair.
 10528 | D:9      | Reached XP level 11. HP: 57/84 MP: 22/22
 10751 | D:9      | Found Horphil's Antique Armour Shop.
 10838 | D:9      | Found a shimmering altar of Xom.
 11255 | D:9      | Found the +1 cloak of Starlight {*Dazzle EV+4 Stlth--}
 11428 | D:9      | Noticed Erolcha
 11536 | D:10     | Entered Level 10 of the Dungeon
 11551 | D:10     | Reached skill level 5 in Conjurations
 11551 | D:10     | Reached skill level 5 in Hexes
 11551 | D:10     | Reached skill level 5 in Summonings
 11551 | D:10     | Reached skill level 5 in Necromancy
 11551 | D:10     | Reached skill level 5 in Transmutations
 11551 | D:10     | Reached skill level 5 in Fire Magic
 11551 | D:10     | Reached skill level 5 in Ice Magic
 11551 | D:10     | Reached skill level 5 in Air Magic
 11551 | D:10     | Reached skill level 5 in Earth Magic
 11551 | D:10     | Reached skill level 5 in Poison Magic
 11558 | D:10     | Found a hazy altar of Hepliaklqana.
 11615 | D:10     | Found a stormy altar of Qazlal.
 11824 | D:10     | Found a staircase to the Orcish Mines.
 11844 | D:10     | Reached skill level 8 in Spellcasting
 12496 | D:10     | Noticed a two-headed ogre
 12502 | D:10     | Killed a two-headed ogre
 12782 | D:11     | Found Qoxisud's Armour Boutique.
 12787 | D:11     | Bought a +2 pair of boots of stealth for 215 gold pieces
 12886 | D:11     | Noticed a two-headed ogre
 12897 | D:11     | Killed a two-headed ogre
 12932 | D:11     | Noticed a two-headed ogre
 12941 | D:11     | Killed a two-headed ogre
 13036 | D:11     | Noticed Josephine
 13620 | Lair:1   | Entered Level 1 of the Lair of Beasts
 14782 | Lair:2   | Reached XP level 12. HP: 86/94 MP: 24/24
 14924 | Lair:2   | Identified a scroll of acquirement
 14925 | Lair:2   | Acquired the ring "Sifro Yre" {Fly Str+5 Dex+6}
 15208 | Lair:2   | Noticed an eight-headed hydra
 15216 | Lair:2   | Killed an eight-headed hydra
 15217 | Lair:2   | Reached skill level 9 in Spellcasting
 15335 | Lair:2   | Noticed Fannar
 15356 | Lair:2   | Killed Fannar
 15357 | Lair:2   | Reached **** piety under Yredelemnul
 15422 | Lair:2   | Reached ***** piety under Yredelemnul
 16244 | Lair:3   | Noticed a catoblepas
 16261 | Lair:3   | Killed a catoblepas
 16488 | Lair:3   | Reached XP level 13. HP: 101/101 MP: 26/26
 16572 | Lair:3   | Found a hole to the Spider Nest.
 16831 | Lair:3   | You are sucked into a shaft and drop 2 floors!
 17429 | Lair:4   | Found a staircase to the Shoals.
 17561 | Lair:4   | Found a runed translucent gate.
 17561 | Lair:4   | Found a runed translucent gate.
 17561 | Lair:4   | Found a runed translucent gate.
 18411 | Lair:4   | Noticed Naugein's ghost (journeyman MiHu)
 18934 | Lair:5   | Reached skill level 10 in Spellcasting
 19142 | Lair:5   | Found a glowing golden altar of the Shining One.
 19463 | Lair:6   | Entered Level 6 of the Lair of Beasts
 19765 | Lair:6   | Noticed a dire elephant
 19768 | Lair:6   | Noticed Sonja
 19789 | Lair:6   | Killed Sonja
 19790 | Lair:6   | Reached skill level 10 in Fighting
 19790 | Lair:6   | Reached skill level 10 in Dodging
 19790 | Lair:6   | Reached skill level 10 in Unarmed Combat
 19790 | Lair:6   | Reached XP level 14. HP: 92/110 MP: 24/28
 19931 | Lair:4   | Learned a level 4 spell: Fulminant Prism
 19936 | Lair:4   | Learned a level 4 spell: Olgreb's Toxic Radiance
 20093 | D:9      | Killed Erolcha
 20736 | D:11     | Noticed Gastronok
 20743 | D:11     | Killed Gastronok
 20769 | D:11     | Killed Josephine
 21254 | D:12     | Reached skill level 10 in Invocations
 21364 | D:12     | Noticed Frances
 21379 | D:12     | Killed Frances
 22317 | D:13     | Found a gate to the Vaults.
 22317 | D:13     | Noticed an ironbound preserver
 22335 | D:13     | Killed an ironbound preserver
 22335 | D:13     | Enslaved an ironbound preserver
 23393 | D:14     | Reached skill level 10 in Throwing
 23393 | D:14     | Reached skill level 10 in Armour
 23528 | D:14     | Reached ****** piety under Yredelemnul
 24317 | D:15     | Entered Level 15 of the Dungeon
 24353 | D:15     | Reached XP level 15. HP: 117/117 MP: 29/29
 24362 | D:15     | Found a frozen archway.
 24372 | D:15     | Noticed Azrael
 24488 | D:15     | Reached skill level 11 in Spellcasting
 24670 | D:15     | Reached skill level 10 in Translocations
 24671 | D:15     | Annihilated by a titanic slime creature

Illustrated notes

Levels and vault maps discovered:
D:1:      dpeg_arrival_round_b, layout_loops_corners,
          dreamdust_ecumenical_altar_hidden_monk_grotto
D:2:      layout_basic
D:3:      layout_basic, gammafunk_ghost_smash, uniq_crazy_yiuf_cottage,
          uniq_ijyb
D:4:      layout_rooms, nicolae_overflow_hidden_temple,
          grunt_decor_mini_mirrors, hangedman_abyss_or_decor_stagger,
          uniq_natasha
D:5:      layout_loops_ring, good_gods_temple_1,
          nicolae_ru_great_annihilating_truth, minmay_temple_entry_glass,
          gup_ossuary_entry_pyramid
D:6:      layout_basic, amcnicky_altar_gilded, sigmund_army, uniq_duvessa
D:7:      layout_loops_ring, enter_bailey_2, uniq_pikel, uniq_joseph,
          uniq_harold
D:8:      layout_gridville, nzn_makhleb_speed_demon, minmay_chambers_of_fives,
          uniq_grum
D:9:      minmay_gate_of_8, layout_loops_cross, xom_teletrap_fun,
          erik_lair_orcish_takeover, serial_shops, shop, uniq_erolcha
D:10:     layout_roguey, nicolae_hepliaklqana_monster_ancestors,
          mainiacjoe_overflow_alcove_1, hiddenorc1_lemuel
D:11:     layout_loops_ring, serial_shops, shop, uniq_gastronok, uniq_josephine
D:12:     layout_irregular_city, uniq_frances
D:13:     layout_basic, skrybe_vaults_entry_preservation
D:14:     layout_roguey, hangedman_decor_diamond_cutter
D:15:     grunt_enter_depths_hoard, layout_basic,
          portal_ice_cave_entry_ugly_swarm, gammafunk_ghost_icy,
          corexii_hall_statues_x, serial_shops, shop_statue,
          lemuel_freeze_loot_1, uniq_azrael, uniq_kirke
Temple:   hc_temple_tempest_star
Lair:1:   layout_small_grid, hibernation_bobbens, lemuel_fruit_tree,
          infiniplex_staircase_pool
Lair:2:   layout_roguey [special_room_bee], uniq_fannar
Lair:3:   layout_roguey, nicolae_spider_entry_non_spiders, st_stairs_4
Lair:4:   layout_loops_ring, minmay_shoals_entry_centaurs,
          gammafunk_ghost_necromancy, chequers_serial_rivers_micro_a,
          chequers_serial_rivers_room_b, st_stairs_3, grunt_megastairs_2
Lair:5:   layout_hall_layers, basic_altar
Lair:6:   evil_forest, layout_regular_city, slime_altar_1, uniq_sonja

Skill      XL: |  1  2  3  4  5  6  7  8  9 10 11 12 13 14 15 |
---------------+----------------------------------------------+-----
Spellcasting   | 5 6 7 8 9 10 11 | 11.1
Invocations    | 1 2 3 4 5 6 7 8 9 10 | 10.7
Short Blades   | 1 2 3 4 5 6 7 8 9 |  9.9
Long Blades    | 1 2 3 4 5 6 7 8 9 |  9.9
Axes           | 1 2 3 4 5 6 7 8 9 |  9.9
Maces & Flails | 1 2 3 4 5 6 7 8 9 |  9.9
Polearms       | 1 2 3 4 5 6 7 8 9 |  9.9
Staves         | 1 2 3 4 5 6 7 8 9 |  9.9
Slings         | 1 2 3 4 5 6 7 8 9 |  9.9
Bows           | 1 2 3 4 5 6 7 8 9 |  9.9
Crossbows      | 1 2 3 4 5 6 7 8 9 |  9.9
Stealth        | 1 2 3 4 5 6 7 8 9 |  9.9
Shields        | 1 2 3 4 5 6 7 8 9 |  9.9
Evocations     | 1 2 3 4 5 6 7 8 9 |  9.9
Conjurations   | 1 2 3 4 5 6 7 8 |  8.2
Hexes          | 1 2 3 4 5 6 7 8 |  8.2
Summonings     | 1 2 3 4 5 6 7 8 |  8.2
Necromancy     | 1 2 3 4 5 6 7 8 |  8.2
Transmutations | 1 2 3 4 5 6 7 8 |  8.2
Fire Magic     | 1 2 3 4 5 6 7 8 |  8.2
Ice Magic      | 1 2 3 4 5 6 7 8 |  8.2
Air Magic      | 1 2 3 4 5 6 7 8 |  8.2
Earth Magic    | 1 2 3 4 5 6 7 8 |  8.2
Poison Magic   | 1 2 3 4 5 6 7 8 |  8.2
Throwing       | 3 4 5 6 7 8 9 10 | 10.2
Armour         | 3 4 5 6 7 8 9 10 | 10.2
Fighting       | 5 6 7 8 9 10 | 10.9
Dodging        | 5 6 7 8 9 10 | 10.9
Unarmed Combat | 5 6 7 8 9 10 | 10.9
Translocations | 6 7 8 9 10 | 10.0

Action                   |  1- 3 |  4- 6 |  7- 9 | 10-12 | 13-15 || total
-------------------------+-------+-------+-------+-------+-------++-------
Melee: Unarmed           |   122 |   138 |     8 |       |       ||   268
       Bite              |    12 |    13 |    20 |    55 |    82 ||   182
       Punch             |     3 |     2 |       |       |       ||     5
       Mace              |       |     6 |   199 |   460 |   506 ||  1171
Throw: Boomerang         |     5 |       |       |     7 |     2 ||    14
       Dart              |       |       |       |     3 |       ||     3
 Cast: Fulminant Prism   |       |       |       |       |     9 ||     9
       Olgreb's Toxic Ra |       |       |       |       |     1 ||     1
Invok: Dark Bargain      |       |       |       |    15 |    19 ||    34
       Recall Undead Har |       |       |       |     4 |     5 ||     9
       Bind Soul         |       |       |       |       |     1 ||     1
Evoke: Wand              |       |       |     2 |    11 |     2 ||    15
       Condenser vane    |       |       |       |       |     2 ||     2
  Use: Scroll            |       |     9 |     7 |    12 |    16 ||    44
       Potion            |       |       |     4 |     3 |    15 ||    22
 Stab: Sleeping          |     1 |     4 |    10 |     1 |    10 ||    26
       Paralysed         |       |       |     1 |       |       ||     1
       Invisible         |       |       |       |    18 |    22 ||    40
       Distracted        |       |       |       |     4 |    11 ||    15
       Petrified         |       |       |       |       |     5 ||     5
       Petrifying        |       |       |       |       |     1 ||     1
       Fleeing           |       |       |       |       |     1 ||     1
Armor: Leather armour    |    19 |    38 |    57 |   129 |   125 ||   368
Dodge: Dodged            |    74 |    74 |   126 |   402 |   375 ||  1051
Block: Kite shield       |       |    28 |   101 |   275 |   372 ||   776

Table legend: (Time is in decaauts)
 A = Elapsed time spent in this place.
 B = Non-inter-level travel time spent in this place.
 C = Inter-level travel time spent in this place.
 D = Time resting spent in this place.
 E = Time spent auto-exploring this place.
 F = Levels seen in this place.
 G = Mean time per level.
                   A        B        C        D        E       F      G
               +--------+--------+--------+--------+--------+-----+--------+
         Total |  24965 |  23991 |    974 |   6292 |  10402 |  24 | 1040.2 |
       Dungeon |  17004 |  16344 |    660 |   4127 |   7404 |  15 | 1133.6 |
        Temple |    206 |    193 |     13 |      0 |    147 |   1 |  206.0 |
          Lair |   6498 |   6197 |    301 |   1502 |   2781 |   6 | 1083.0 |
       Ossuary |    270 |    270 |      0 |      0 |     36 |   1 |  270.0 |
        Bailey |    985 |    985 |      0 |    663 |     33 |   1 |  985.0 |
               +--------+--------+--------+--------+--------+-----+--------+

Top non-repeatable levels by time:
     D:3: 2121 daAuts
    D:10: 1694 daAuts
     D:9: 1645 daAuts
     D:6: 1594 daAuts
  Lair:2: 1423 daAuts
  Lair:3: 1369 daAuts
    D:14: 1320 daAuts
     D:1: 1302 daAuts
     D:2: 1268 daAuts
  Lair:1: 1236 daAuts
  Lair:5: 1151 daAuts
    D:12: 1091 daAuts
     D:5: 996 daAuts
  Bailey: 985 daAuts
    D:11: 977 daAuts
